 Dungeon Crawl Stone Soup version 0.31.0 (webtiles) character file.

Game seed: 7305226384920652685

2090 qw the Skirmisher (level 9, -7/56 HPs)
             Began as a Gargoyle Hunter on Jan 20, 2024.
             Was a Priest of Okawaru.
             Killed from afar by an acid dragon (21 damage)
             ... with a splash of acid
             ... on level 6 of the Dungeon.
             The game lasted 00:00:25 (5055 turns).

qw the Skirmisher (Gargoyle Hunter)                 Turns: 5055, Time: 00:00:26

Health: -7/56      AC: 13    Str: 14    XL:     9   Next: 27%
Magic:  12/12      EV: 11    Int: 11    God:    Okawaru [***...]
Gold:   283        SH:  0    Dex: 17    Spells: 8/8 levels left

rFire   . . .        a - +2 shortbow
rCold   . . .        (shield currently unavailable)
rNeg    + . .        i - +0 ring mail
rPois   inf          (no helmet)
rElec   +            (no cloak)
rCorr   .            (no gloves)
SInv    .            g - +0 pair of boots
Will    .....        (no amulet)
Stlth   +            (no ring)
HPRegen 0.29/turn    (no ring)
MPRegen 0.13/turn

%: no passive effects
@: no status effects
A: sickness immunity, AC +6, negative energy resistance 1, electricity
resistance, torment resistance 1, petrification resistance
a: Renounce Religion, Heroism


You were on level 6 of the Dungeon.
You worshipped Okawaru.
Okawaru was most pleased with you.
You visited 2 branches of the dungeon, and saw 7 of its levels.

You collected 283 gold pieces.


Innate Abilities, Weirdness & Mutations

You are immune to sickness and miasma.
Your stone body is resilient. (AC +6)
You are immune to poison.
You resist negative energy. (rN+)
You are resistant to electric shocks. (rElec)
You are resistant to unholy torment.
You are immune to petrification.


   Skills:
 + Level 6.7 Fighting
 - Level 10.0 Ranged Weapons
 - Level 2.2 Armour
 - Level 2.3 Dodging
 - Level 1.1 Stealth
 - Level 4.1 Invocations


You had 8 spell levels left.
You didn't know any spells.
Your spell library was empty.

Inventory:

Hand Weapons
 a - a +2 shortbow (weapon)
Armour
 g - a +0 pair of boots (worn)
 i - a +0 ring mail (worn)
Scrolls
 c - 4 scrolls of identify
Potions
 d - 2 potions of resistance
 e - a potion of enlightenment
 f - a potion of cancellation
 h - a potion of degeneration {unknown}
 j - a potion of brilliance {unknown}
 k - 2 potions of curing

Dungeon Overview and Level Annotations

Branches:
Dungeon (6/15)             Temple (1/1) D:4

Altars:
Ashenzari
Cheibriados
Dithmenos
Elyvilon
Gozag
Hepliaklqana
Kikubaaqudgha
Makhleb
Nemelex Xobeh
Okawaru
Qazlal
Ru
Sif Muna
Trog
Uskayaw
Vehumet
Wu Jian
Xom
Zin

Shops:
D:6 :


Message History

You shoot an arrow. The arrow hits the yak.
The yak is heavily wounded.
The yak gores you.
You shoot an arrow. The arrow hits the yak.
The yak is heavily wounded.
The yak gores you.
You shoot an arrow. The arrow hits the yak.
The yak is heavily wounded.
The yak gores you but does no damage.
You shoot an arrow. The arrow barely misses the yak.
The yak gores you.
You shoot an arrow. The arrow hits the yak.
The yak is severely wounded.
The yak gores you.
You shoot an arrow. The arrow hits the yak!
The yak is almost dead.
The yak barely misses you.
You shoot an arrow.
The arrow hits the yak but does no damage.
The yak is almost dead.
The yak completely misses you.
You shoot an arrow. The arrow barely misses the yak.
The yak gores you but does no damage.
You shoot an arrow. The arrow hits the yak.
The yak is almost dead.
The yak gores you.
5052 ||| READING scroll of teleportation.
As you read the scroll of teleportation, it crumbles to dust.
You feel strangely unstable. The yak gores you but does no damage.
You shoot an arrow. The arrow hits the yak!
You kill the yak!
Okawaru accepts your kill.
5054 ||| FLEEEEING.
Your surroundings suddenly seem different.
An acid dragon comes into view.
The acid dragon roars!
The acid dragon spits acid at you. The splash of acid hits you!!
You die... #.######.# #..D.@...# ##########

You could see an acid dragon (catching breath).

Vanquished Creatures
  3 yaks (D:6)
  A sky beast (D:6)
  An ice beast (D:6)
  3 ogres
  A black bear (D:6)
  5 scorpions
  A bullfrog (D:6)
  A gnoll bouda (D:5)
  A jelly (D:6)
  An orc priest (D:6)
  4 hounds
  A sleepcap (D:6)
  3 iguanas
  7 orc wizards
  8 gnolls
  5 adders
  2 dart slugs
  3 ribbon worms
  34 orcs
  7 endoplasms
  4 giant cockroaches
  7 goblins
  5 hobgoblins
  3 jackals (D:1)
  12 kobolds
  A quokka (D:2)
  6 ball pythons
  7 bats
  2 frilled lizards
  A rat (D:2)
140 creatures vanquished.

Notes
Turn   | Place    | Note
-------+----------+-------------------------------------------
     0 | D:1      | qw the Gargoyle Hunter began the quest for the Orb.
     0 | D:1      | Reached XP level 1. HP: 12/12 MP: 1/1
     0 | D:1      | 0 ||| qw: Version: 0.3-a-132-g3d54051
     0 | D:1      | 0 ||| qw: Game counter: 566
     0 | D:1      | 0 ||| qw: Melee chars always use a shield: true
     0 | D:1      | 0 ||| qw: God list: Okawaru
     0 | D:1      | 0 ||| qw: Allow faded altars: false
     0 | D:1      | 0 ||| qw: Do Orc after clearing Dungeon:15 true
     0 | D:1      | 0 ||| qw: Do second Lair branch before Depths: true
     0 | D:1      | 0 ||| qw: Lair rune preference: random
     0 | D:1      | 0 ||| qw: Goals: Normal
     0 | D:1      | 0 ||| PLANNING D:1-11
   120 | D:1      | Reached XP level 2. HP: 17/17 MP: 2/2
   591 | D:1      | 591 ||| READING scroll labelled HAX XUAC NUEWO.
   592 | D:1      | 592 ||| READING 3 scrolls labelled ROERUS LISAIREFAV.
   592 | D:1      | 592 ||| IDENTIFYING viscous yellow potion
   593 | D:1      | 593 ||| READING 2 scrolls of identify.
   593 | D:1      | 593 ||| IDENTIFYING scroll labelled FETWENNOLAU
   594 | D:1      | 594 ||| READING scroll of identify.
   594 | D:1      | 594 ||| IDENTIFYING scroll labelled XYILOL KIRGHA
   595 | D:1      | 595 ||| READING scroll of enchant weapon.
   595 | D:1      | 595 ||| ENCHANTING +0 shortbow.
   596 | D:1      | 596 ||| DROPPING scroll of butterflies.
   597 | D:1      | 597 ||| DROPPING scroll of revelation.
   679 | D:2      | Reached XP level 3. HP: 21/21 MP: 3/3
   723 | D:2      | Reached skill level 5 in Ranged Weapons
  1022 | D:2      | Reached skill level 3 in Fighting
  1158 | D:2      | 1158 ||| DROPPING ring of flight.
  1159 | D:2      | 1159 ||| READING 2 scrolls of identify.
  1159 | D:2      | 1159 ||| IDENTIFYING glowing dark potion
  1160 | D:2      | 1160 ||| READING scroll of identify.
  1160 | D:2      | 1160 ||| IDENTIFYING 2 cyan potions
  1161 | D:2      | 1161 ||| READING scroll labelled HAS XONEISA.
  1162 | D:2      | 1162 ||| FLEEEEING.
  1165 | D:2      | 1165 ||| READING scroll labelled WAPUQ LIPE.
  1166 | D:2      | 1166 ||| DROPPING 2 potions of ambrosia.
  1409 | D:3      | Reached XP level 4. HP: 28/28 MP: 4/4
  1451 | D:3      | 1451 ||| FLEEEEING.
  1703 | D:3      | 1703 ||| FLEEEEING.
  1763 | D:3      | Reached XP level 5. HP: 32/32 MP: 5/5
  1782 | D:3      | 1782 ||| DROPPING +0 sling of freezing.
  1810 | D:3      | 1810 ||| UPGRADING to +0 pair of boots.
  1815 | D:3      | 1815 ||| UPGRADING to +0 ring mail.
  1825 | D:3      | 1825 ||| DROPPING +0 leather armour.
  1826 | D:3      | 1826 ||| READING scroll labelled DAPPEOCSAS.
  1827 | D:3      | 1827 ||| READING scroll labelled OTOLLO EZYKH.
  1828 | D:3      | 1828 ||| READING 2 scrolls labelled EGUXAUBUIG.
  1829 | D:3      | 1829 ||| READING scroll labelled ISSECE IZOANO.
  1830 | D:3      | 1830 ||| DROPPING scroll of fear.
  1852 | D:4      | Reached skill level 1 in Armour
  1853 | D:4      | HP: 4/32 [gnoll/+0 flail (5)]
  1854 | D:4      | 1854 ||| DRINKING 2 potions of heal wounds.
  1857 | D:4      | Reached skill level 6 in Ranged Weapons
  1908 | D:4      | Found a broken altar of Ashenzari.
  1912 | D:4      | Noticed an ogre
  1922 | D:4      | HP: 7/32 [ogre/+0 giant club (13)]
  1923 | D:4      | 1923 ||| DRINKING potion of heal wounds.
  1925 | D:4      | Killed an ogre
  1926 | D:4      | Reached XP level 6. HP: 6/39 MP: 6/6
  1926 | D:4      | 1926 ||| FLEEEEING.
  2269 | D:4      | 2269 ||| FLEEEEING.
  2270 | D:4      | 2270 ||| FLEEEEING.
  2271 | D:4      | 2271 ||| FLEEEEING.
  2364 | D:4      | Found a staircase to the Ecumenical Temple.
  2365 | D:4      | 2365 ||| PLANNING TEMPLE
  2366 | D:4      | 2366 ||| DRINKING 3 orange potions.
  2376 | Temple   | Entered the Ecumenical Temple
  2377 | Temple   | 2377 ||| PLANNING OKAWARU WORSHIP
  2382 | Temple   | Became a worshipper of Warmaster Okawaru
  2383 | Temple   | 2383 ||| PLANNING D:1-11
  2475 | D:4      | Found a sacrificial altar of Ru.
  2800 | D:4      | 2800 ||| DROPPING amulet of magic regeneration.
  2853 | D:5      | Entered Level 5 of the Dungeon
  2871 | D:5      | 2871 ||| FLEEEEING.
  2872 | D:5      | 2872 ||| FLEEEEING.
  2873 | D:5      | 2873 ||| FLEEEEING.
  2874 | D:5      | 2874 ||| FLEEEEING.
  2876 | D:5      | 2876 ||| FLEEEEING.
  2877 | D:5      | 2877 ||| FLEEEEING.
  2878 | D:5      | 2878 ||| FLEEEEING.
  2885 | D:5      | 2885 ||| FLEEEEING.
  2886 | D:5      | 2886 ||| FLEEEEING.
  2888 | D:5      | 2888 ||| STAIRDANCE
  2916 | D:5      | 2916 ||| STAIRDANCE
  2930 | D:5      | 2930 ||| STAIRDANCE
  2983 | D:5      | 2983 ||| FLEEEEING.
  3032 | D:5      | 3032 ||| RETREEEEATING.
  3035 | D:5      | 3035 ||| DRINKING 2 potions of curing.
  3035 | D:5      | 3035 ||| (to cure confusion)
  3050 | D:5      | Reached skill level 7 in Ranged Weapons
  3070 | D:5      | Reached XP level 7. HP: 33/44 MP: 7/7
  3081 | D:5      | 3081 ||| FLEEEEING.
  3139 | D:5      | Reached * piety under Okawaru
  3160 | D:5      | Reached skill level 1 in Invocations
  3162 | D:5      | 3162 ||| FLEEEEING.
  3176 | D:5      | 3176 ||| FLEEEEING.
  3310 | D:5      | 3310 ||| FLEEEEING.
  3449 | D:5      | Reached skill level 8 in Ranged Weapons
  3449 | D:5      | 3449 ||| FLEEEEING.
  3577 | D:5      | 3577 ||| FLEEEEING.
  3633 | D:5      | Reached skill level 3 in Invocations
  3633 | D:5      | Reached XP level 8. HP: 47/48 MP: 10/10
  3675 | D:5      | 3675 ||| FLEEEEING.
  3865 | D:5      | 3865 ||| READING scroll of enchant weapon.
  3865 | D:5      | 3865 ||| ENCHANTING +1 shortbow.
  3955 | D:5      | 3955 ||| READING 3 scrolls of identify.
  3955 | D:5      | 3955 ||| IDENTIFYING brown potion
  3956 | D:5      | 3956 ||| READING 2 scrolls of identify.
  3956 | D:5      | 3956 ||| IDENTIFYING sedimented purple potion
  3990 | D:6      | Found Yddoylio's Book Shoppe.
  4119 | D:6      | Reached ** piety under Okawaru
  4142 | D:6      | 4142 ||| DROPPING +0 sling of freezing.
  4210 | D:6      | 4210 ||| INVOKING Heroism.
  4468 | D:6      | Noticed a yak
  4469 | D:6      | 4469 ||| INVOKING Heroism.
  4476 | D:6      | Noticed a yak
  4485 | D:6      | Noticed a yak
  4496 | D:6      | Killed a yak
  4504 | D:6      | 4504 ||| INVOKING Heroism.
  4510 | D:6      | Reached skill level 9 in Ranged Weapons
  4515 | D:6      | Killed a yak
  4516 | D:6      | Reached skill level 6 in Fighting
  4520 | D:6      | HP: 12/51 [yak (1)]
  4521 | D:6      | 4521 ||| READING 2 scrolls of teleportation.
  4537 | D:6      | Reached XP level 9. HP: 17/55 MP: 12/12
  4540 | D:6      | 4540 ||| FLEEEEING.
  4572 | D:6      | 4572 ||| FLEEEEING.
  4995 | D:6      | 4995 ||| FLEEEEING.
  5001 | D:6      | 5001 ||| FLEEEEING.
  5002 | D:6      | 5002 ||| FLEEEEING.
  5003 | D:6      | 5003 ||| FLEEEEING.
  5004 | D:6      | 5004 ||| FLEEEEING.
  5005 | D:6      | 5005 ||| FLEEEEING.
  5015 | D:6      | Reached skill level 10 in Ranged Weapons
  5051 | D:6      | HP: 13/55 [yak (2)]
  5052 | D:6      | 5052 ||| READING scroll of teleportation.
  5053 | D:6      | Reached *** piety under Okawaru
  5054 | D:6      | 5054 ||| FLEEEEING.
  5055 | D:6      | Killed from afar by an acid dragon

Levels and vault maps discovered:
D:1:      ebering_trefoil_twist, layout_loops_ring
D:2:      wander_river, layout_loops_ring
D:3:      layout_loops_ring, kennysheep_generic_room_16
D:4:      layout_gridville, nicolae_ru_path_of_blood,
          cheibrodos_ashenzari_chains, minmay_temple_entry_gardened_gates
D:5:      layout_basic
D:6:      layout_basic, serial_shops, shop_statue, kennysheep_generic_room_11
Temple:   sentei_temple_godly_chess

Skill      XL: |  1  2  3  4  5  6  7  8  9 |
---------------+----------------------------+-----
Ranged Weapons | 5 6 7 8 9 10 | 10.0
Fighting       | 3 4 6 |  6.7
Armour         | 1 2 |  2.2
Invocations    | 3 4 |  4.1
Dodging        | 2 |  2.3
Stealth        | |  1.1

Action                     |  1- 3 |  4- 6 |  7- 9 || total
---------------------------+-------+-------+-------++-------
   Fire: Shortbow          |    86 |   221 |   283 ||   590
 Invoke: Heroism           |       |       |     3 ||     3
    Use: Scroll            |     9 |     4 |     5 ||    18
         Potion            |       |     4 |       ||     4
 Armour: Leather armour    |     4 |    12 |       ||    16
         Ring mail         |       |    76 |   145 ||   221
  Dodge: Dodged            |    15 |    57 |    91 ||   163

Table legend:
 A = Non-vault XP
 B = Vault XP
 C = Vault XP percentage of total XP
 D = Non-vault monster count
 E = Vault monster count
 F = Vault count percentage of total count
                 A         B        C        D         E       F
            +---------+---------+-------+---------+---------+-------
      Total |    2981 |       5 |   0.2 |     137 |       3 |   2.1
            +---------+---------+-------+---------+---------+-------
        D:1 |      29 |       0 |   0.0 |      16 |       0 |   0.0
        D:2 |      41 |       0 |   0.0 |      18 |       0 |   0.0
        D:3 |      91 |       5 |   5.2 |      20 |       3 |  13.0
        D:4 |     358 |       0 |   0.0 |      29 |       0 |   0.0
        D:5 |     729 |       0 |   0.0 |      34 |       0 |   0.0
        D:6 |    1733 |       0 |   0.0 |      20 |       0 |   0.0
            +---------+---------+-------+---------+---------+-------
